Cogmind - Beta 17 @@@ ROGUE MODE // 2026.07.21 @ 23:04:15 Player: aperiodic Result: Destroyed by V775-c with Concept Rapid Grenade Launcher Performance ------------- Evolutions (8) 4000 Regions Visited (24) 4800 Robots Destroyed (404) 2020 Value Destroyed (17747) 17747 Prototype IDs (115) 2300 Alien Tech Used (7) 1400 Bonus (11807) 11807 TOTAL SCORE: 44074 Bonus ------- High Alert Combat Kills 1983 Follower Combat Kills 1676 Hunted by Unchained 500 Registered with UFD 300 Met Optimus in HQ 500 Met Data Miner 300 Met Zhirov 300 Met Warlord at Base 500 MAIN.C Attacked Warlord 500 Warlord Defense Kills 1850 Used Core Reset Matrix 3000 Scanned by Researcher 500 Friendly Fire -102 Cogmind --------- Core Integrity 0/1450 Matter 205/300 Energy 100/100 System Corruption 1% Temperature Cool (0) Movement Hovering (106) Ox1 Location -2/Protoforge Parts ------- > --- POWER (3) -------- (None) > --- PROPULSION (6) --- Improved Gyrokinetic Inverter Improved Gyrokinetic Inverter > --- UTILITY (11) ----- Large Storage Unit Advanced Trap Scanner Advanced Signal Interpreter Advanced Melee Analysis Suite Concept Weapon Articulator Experimental Core Analyzer Advanced System Shield Advanced Corruption Screen > --- WEAPON (4) ------- (None) > --- INVENTORY (15) --- SHELL Armor Improved Recalibrator Dimensional Node Initializer Transdimensional Reconstructor High-powered Transdimensional Reconstructor High-powered Transdimensional Reconstructor Core Cannon Peak State ------------ > --- POWER ------------ Micro Antimatter Reactor Graviton Reactor Light Quantum Reactor > --- PROPULSION ------- Improved Gyrokinetic Inverter Improved Gyrokinetic Inverter Improved Gyrokinetic Inverter Improved Gyrokinetic Inverter Combat Antigrav System Combat Antigrav System > --- UTILITY ---------- Advanced Heat Sink Large Storage Unit Experimental Energy Well Advanced Trap Scanner Experimental Optical Array Advanced Signal Interpreter Experimental Core Analyzer Advanced Transmission Jammer Graphene Brace Advanced Force Field Makeshift System Shield > --- WEAPON ----------- Overtuned Railgun Helical Railgun Advanced Remote Datajack Nanosword > --- INVENTORY -------- Experimental Power Amplifier SHELL Armor Long-range Tractor Beam Potential Cannon Cooled Nova Cannon Hellfire Missile Launcher CPS Tube [Rating: 184] Favorites ----------- Power Hybrid Deuterium Engine Engine Hybrid Deuterium Engine Power Core Neutrino Core Reactor Micro Antimatter Reactor Propulsion Advanced Treads Treads Advanced Treads Wheel Wheel Hover Unit Improved Gyrokinetic Inverter Flight Unit Q-thruster Utility Large Storage Unit Device Scrap Suit Storage Large Storage Unit Processor Enhanced Optical Array Hackware Makeshift Hacking Suite Protection Hardened Heavy Armor Plating Weapon Flak Gun Energy Gun Enhanced Quantum Rifle Energy Cannon Particle Cannon Ballistic Gun Flak Gun Ballistic Cannon Heavy Hardcell Cannon Launcher Heavy Shock Bomb Launcher Special Weapon Advanced Remote Datajack Slashing Weapon Nanosword Build | -11 -10 -10 -9 -9 -6 -6 -6 -6 -5 -5 -5 -5 -5 -4 -4 -4 -4 -4 -3 -3 -3 -2 -2 -2 ------- Run | Yrd Mat Sub Rec Scr Fac Low Low Dat Pro Fac Upp Upp War Pro Fac Upp Upp Zhi Pro Res Tes Res Qua Frg Slots Evolved 16 | . . . . . 8 . . . . 2 . . . . 2 . . . . 2 . 2 . . Power 1 | . . . . . . . . . . . . . . . 1 . . . . . . . . . Propulsion 4 | . . . . . 2 . . . . . . . . . . . . . . 1 . 1 . . Utility 9 | . . . . . 5 . . . . 2 . . . . . . . . . 1 . 1 . . Weapon 2 | . . . . . 1 . . . . . . . . . 1 . . . . . . . . . Parts Attached 297 | 8 16 8 4 7 28 7 6 . 1 36 7 . 8 4 39 3 . 7 1 34 29 22 17 5 Power 31 | 1 1 2 . 1 1 . 1 . . 2 . . . . 3 . . . . 5 6 4 4 . Engine 5 | 1 1 2 . . . . . . . 1 . . . . . . . . . . . . . . Core 7 | . . . . 1 1 . 1 . . 1 . . . . 2 . . . . 1 . . . . Reactor 19 | . . . . . . . . . . . . . . . 1 . . . . 4 6 4 4 . Propulsion 59 | 2 5 1 1 . 6 3 . . . 7 . . . 1 9 . . 2 . 9 1 5 5 2 Treads 23 | . 2 1 1 . 6 3 . . . 7 . . . 1 2 . . . . . . . . . Leg . | . . . . . . . . . . . . . . . . . . . . . . . . . Wheel 5 | 2 3 . . . . . . . . . . . . . . . . . . . . . . . Hover 29 | . . . . . . . . . . . . . . . 7 . . 2 . 7 1 5 5 2 Flight 2 | . . . . . . . . . . . . . . . . . . . . 2 . . . . Utility 132 | 2 4 3 1 4 13 3 3 . . 21 2 . 4 1 23 1 . 3 1 16 10 8 7 2 Device 74 | 1 1 1 . 1 4 2 3 . . 15 1 . 1 1 14 1 . 1 . 12 5 5 4 1 Storage 12 | 1 2 . . 1 1 . . . . 2 . . . . 1 . . . . . 3 . 1 . Processor 15 | . . . . . 2 . . . . 1 . . 1 . 6 . . 1 . 1 . 1 1 1 Hackware 11 | . . . . . 2 . . . . 2 . . . . 1 . . . 1 2 . 2 1 . Protection 20 | . 1 2 1 2 4 1 . . . 1 1 . 2 . 1 . . 1 . 1 2 . . . Artifact . | . . . . . . . . . . . . . . . . . . . . . . . . . Weapon 75 | 3 6 2 2 2 8 1 2 . 1 6 5 . 4 2 4 2 . 2 . 4 12 5 1 1 Energy Gun 16 | 2 1 . . . 2 . 1 . . 1 . . 1 . 1 2 . 1 . 1 1 2 . . Energy Cannon 18 | . 4 1 1 . 2 . . . . 1 1 . 1 . 1 . . . . 1 4 . . 1 Ballistic Gun 17 | 1 . . 1 2 2 . 1 . 1 1 3 . 1 1 1 . . . . 1 1 . . . Ballistic Cannon 4 | . . . . . . . . . . 1 . . . . . . . . . . 2 1 . . Launcher 6 | . . 1 . . 2 . . . . . . . . 1 . . . . . . 1 1 . . Special Weapon 11 | . 1 . . . . 1 . . . 2 1 . 1 . . . . 1 . 1 1 1 1 . Impact Weapon . | . . . . . . . . . . . . . . . . . . . . . . . . . Slashing Weapon 3 | . . . . . . . . . . . . . . . 1 . . . . . 2 . . . Piercing Weapon . | . . . . . . . . . . . . . . . . . . . . . . . . . Special Melee Weapon . | . . . . . . . . . . . . . . . . . . . . . . . . . Unidentified Prototypes 51 | . . . . . 5 1 . . . 3 . . 7 . 4 1 . 2 1 4 14 3 4 2 Corrupted Parts 1 | . . . . . . . . . . . . . . 1 . . . . . . . . . . System Corruption 1 | . . . . . . . . . . . . . . 1 . . . . . . . . . . Parts Lost 85 | . . 3 1 . 8 . . . . 14 . . 2 7 5 2 1 . . 12 3 9 2 16 Power 8 | . . 1 . . . . . . . 1 . . . . . . . . . 1 . 3 . 2 Propulsion 23 | . . 2 1 . . . . . . 3 . . . 2 2 . 1 . . 3 1 3 . 5 Utility 29 | . . . . . 5 . . . . 5 . . 1 3 1 1 . . . 3 2 2 2 4 Weapon 25 | . . . . . 3 . . . . 5 . . 1 2 2 1 . . . 5 . 1 . 5 Highest Loss Streak 8 | . . 2 1 . 5 . . . . 4 . . 2 4 3 2 1 . . 4 2 3 1 8 To Critical Strikes . | . . . . . . . . . . . . . . . . . . . . . . . . . Average Backups 11 | 4 10 9 12 12 12 10 9 9 9 11 14 14 12 16 17 9 10 9 9 9 12 11 13 10 Power . | . 1 . . . . . . . . . . . . 1 . . . . 1 . . . . . Propulsion 1 | 2 2 1 2 1 1 2 1 1 1 . 1 2 1 . 2 . . . 1 . 1 . . . Utility 5 | . 2 4 6 5 4 5 3 3 3 5 7 7 6 6 6 5 5 5 6 8 6 5 5 2 Weapon 2 | 1 3 3 3 2 3 1 1 2 2 2 1 2 2 6 6 2 2 1 . . 3 4 4 2 Tool/Special . | . . . . . . . . . . . . . . . . . . . . . . . . . Unused Backups 37 | . 3 7 . 3 3 . 1 . . 1 2 . 2 . 3 . 1 . . 2 3 . 2 4 Power 1 | . . 1 . . . . . . . . . . . . . . . . . . . . . . Propulsion 7 | . 1 1 . 1 1 . . . . . . . 1 . 1 . . . . . . . 1 . Utility 12 | . . 2 . . . . 1 . . 1 1 . 1 . . . 1 . . 2 2 . 1 . Weapon 12 | . 2 3 . 1 2 . . . . . 1 . . . 2 . . . . . 1 . . . Tool/Special 5 | . . . . 1 . . . . . . . . . . . . . . . . . . . 4 Average Slot Usage (%) 86 | . 100 90 98 99 95 91 92 93 93 84 78 76 72 73 75 85 71 69 84 82 87 83 74 81 Engine 4 | . 14 13 14 11 . . . . . . 5 5 5 5 . . . . . . . . . . Core 2 | . . . . 2 5 6 6 6 6 4 . . . . . 10 5 5 5 . . . . . Reactor 1 | . . . . . . . . . . . . . . . 4 . . . . 4 6 5 5 6 Treads 15 | . 19 20 21 28 24 25 26 26 26 17 11 11 11 8 6 . . . . . . . . . Wheel 1 | . 8 7 6 . . . . . . . . . . . . . . . . . . . . . Hover 4 | . . . . . . . . . . . . . . . 2 20 15 18 20 18 21 24 23 23 Device 12 | . 9 5 . 4 5 14 20 20 20 21 20 17 17 24 15 13 15 10 14 7 13 13 10 19 Storage 6 | . 14 6 14 14 6 6 6 6 6 5 5 5 5 5 5 5 5 5 5 4 5 4 4 4 Processor 6 | . . . . . 12 6 6 6 6 7 8 5 5 5 10 20 20 20 15 13 13 12 9 12 Hackware 3 | . . . . . 11 6 1 . . 2 5 5 3 . 4 5 5 5 5 16 7 7 7 4 Protection 5 | . 4 7 13 9 6 4 3 6 6 4 1 5 4 4 3 . . 4 5 2 3 2 3 . Energy Gun 2 | . 11 . . . 1 . 1 6 2 3 1 . . . 9 5 5 1 15 10 . . . 3 Energy Cannon 7 | . 11 26 14 7 1 4 2 . 3 2 . 1 1 1 2 . . . . . 6 . . . Ballistic Gun 8 | . 3 . 12 20 15 13 15 13 13 5 14 15 13 8 5 . . . . . 2 3 . . Peak Build Rating 184 | 7 11 14 15 25 64 69 69 66 69 97 95 93 105 107 138 121 117 122 122 137 173 184 168 178 Average Rating 70 | 5 8 11 13 17 57 66 66 66 68 84 89 89 89 100 121 113 96 91 116 119 145 163 155 153 On Entrance 79 | . 7 11 13 13 25 64 67 66 66 69 77 89 93 105 88 115 117 95 122 115 98 150 142 168 Avg Prop Armor Cover (%) 5 | . 3 4 11 . . 3 . . . . . . 7 . . . . . . 3 . . . . Naked Turns . | . . . . . . . . . . . . . . . . . . . . . . . . . Heaviest Build 132 | 13 36 42 40 53 75 75 76 64 67 84 96 96 96 107 132 46 42 43 43 82 89 94 87 65 Greatest Support 140 | 32 40 40 40 40 88 88 84 84 84 140 140 140 140 140 98 42 42 44 44 68 73 86 76 84 Greatest Overweight (x) 4 | . . 4 2 1 1 . . . . . . . 1 1 3 1 . . . 1 1 1 1 1 Average Overweight (x) . | . . . 1 . . . . . . . . . . . . . . . . . . . . . Largest Inventory Capacity 25 | 8 15 15 15 15 15 15 15 15 15 20 20 20 20 20 20 10 10 10 10 10 15 15 25 15 Average Capacity 14 | 7 10 9 15 15 15 15 15 15 15 16 20 20 20 20 18 10 10 10 10 10 14 15 15 15 Most Carried 20 | 8 15 15 15 15 15 15 15 14 15 20 20 20 20 20 20 10 10 10 10 10 15 15 15 15 Average Carried 13 | 4 10 9 13 13 14 14 14 14 14 15 19 19 15 18 17 9 10 9 9 9 13 13 14 13 Final Capacity 20 | 8 15 15 15 15 15 15 15 15 15 20 20 20 20 20 10 10 10 10 10 10 15 15 15 15 Final Carried 20 | 8 15 15 13 15 12 15 14 14 15 20 20 20 20 18 10 10 10 10 10 10 14 15 14 10 Scrap Suit Usage (%) 17 | . . . . . . . 55 100 27 51 62 33 6 62 63 . . . . 3 . . . . Parts Cannibalized 40 | . . . . . . . 3 . . 17 3 4 1 1 11 . . . . . . . . . Class Distribution -------------------- 24% | Mutant 22% | Scavenger-Tank 9% | Commander-Mutant 6% | Scavenger-Scrapper 6% | Hacker-Mutant 5% | Scavenger-Scout 4% | Scavenger-Mutant 4% | Tank 3% | Hacker-Gunner 3% | Hacker-Tank Dominant Class ---------------- Mutant | -10/Materials Mutant | -10/Subcaves Mutant | -9/Recycling Commander-Mutant | -9/Scraptown Hacker-Gunner | -6/Factory Tank | -6/Lower Caves Scavenger-Tank | -6/Lower Caves Scavenger-Tank | -6/Data Miner Scavenger-Tank | -5/Proximity Caves Scavenger-Tank | -5/Factory Scavenger-Tank | -5/Upper Caves Scavenger-Tank | -5/Upper Caves Scavenger-Scrapper | -5/Warlord Scavenger-Tank | -4/Proximity Caves Scavenger-Tank | -4/Factory Scavenger-Scout | -4/Upper Caves Scavenger-Scout | -4/Upper Caves Scavenger-Scout | -4/Zhirov Scavenger-Scout | -3/Proximity Caves Hacker-Mutant | -3/Research Hacker-Mutant | -3/Testing Scavenger-Mutant | -2/Research Scavenger-Mutant | -2/Quarantine Scavenger-Ninja | -2/Protoforge Resources | -11 -10 -10 -9 -9 -6 -6 -6 -6 -5 -5 -5 -5 -5 -4 -4 -4 -4 -4 -3 -3 -3 -2 -2 -2 ----------- Run | Yrd Mat Sub Rec Scr Fac Low Low Dat Pro Fac Upp Upp War Pro Fac Upp Upp Zhi Pro Res Tes Res Qua Frg Matter Collected 13957 | 285 326 433 41 172 2517 959 513 . 156 2378 518 472 358 277 1108 59 15 226 110 624 884 693 723 110 Remotely 4382 | . . . . . 1718 717 340 . 61 1222 . . . 49 228 . . . . 47 . . . . Salvage Created 19296 | 145 431 603 383 . 3331 278 260 . 185 3571 349 956 820 618 2852 59 . 226 41 605 1398 867 1194 124 Parts 824 | 10 44 40 15 . 114 14 8 . 12 135 9 28 39 24 99 6 . 11 . 22 68 56 61 9 Haulers Intercepted 15 | . . . . . 4 . . . . 4 . . . . 3 . . . . . 2 1 1 . Recyclers Shooed 25 | . 1 . 6 . 8 . . . . 5 . . . . 4 . . . . . 1 . . . Parts Field Recycled 1 | . . . . . . . . . . . . . . . . . . . . 1 . . . . Retrieved Matter 21 | . . . . . . . . . . . . . . . . . . . . 21 . . . . Parts Self-Destructed 115 | . . 5 . . . 4 14 . 12 . 19 40 . 8 . 6 . 7 . . . . . . Prevented 20 | . . . . . . . . . . . 2 1 . 16 . 1 . . . . . . . . Parts Restored . | . . . . . . . . . . . . . . . . . . . . . . . . . Kills | -11 -10 -10 -9 -9 -6 -6 -6 -6 -5 -5 -5 -5 -5 -4 -4 -4 -4 -4 -3 -3 -3 -2 -2 -2 ------- Run | Yrd Mat Sub Rec Scr Fac Low Low Dat Pro Fac Upp Upp War Pro Fac Upp Upp Zhi Pro Res Tes Res Qua Frg Combat Hostiles Destroyed 288 | . 13 14 4 . 46 . 5 . 7 60 6 15 18 9 30 5 . . 2 9 17 15 10 3 Melee 15 | . . . . . . . . . . . . . . . . . . . . . . 5 10 . Guns 159 | . 12 . . . 31 . 3 . 2 29 4 15 13 3 27 5 . . 2 8 2 3 . . Cannons 39 | . 1 12 4 . . . 2 . . 9 . . . . 3 . . . . . 8 . . . AOE 60 | . . . . . 15 . . . 5 15 2 . 5 2 . . . . . 1 5 7 . 3 Classes Destroyed 28 | 2 5 3 5 . 4 2 1 . . 1 . . 3 . . . . . 1 . 1 . . . Worker 26 | . 1 . . . 12 . . . . 1 . . . . 2 . . . . 2 1 3 3 1 Builder 17 | . . . . . 6 . . . . 3 . . . . 2 . . . . . 2 1 3 . Tunneler 6 | 3 1 . . . 1 . . . . . . . . . 1 . . . . . . . . . Hauler 16 | . . . 1 . 4 . . . . 4 . . . . 3 . . . . . 2 1 1 . Recycler 26 | 1 . . 3 . 11 . . . . 2 . . . . 3 . . . . 1 3 . 2 . Minesweeper 1 | . . . . . . 1 . . . . . . . . . . . . . . . . . . Mechanic 3 | . . . . . 2 . . . . . . . . . 1 . . . . . . . . . Operator 4 | . 2 . . . . . . . . 1 . . . . . . . . . . 1 . . . Drone 4 | . . . . . . . . . . . . . . . . . . . 1 . . . . 3 Turret 2 | . . 2 . . . . . . . . . . . . . . . . . . . . . . Watcher 15 | . 3 . . . 1 . . . . 4 . . . . 4 . . . . . 1 1 . 1 Swarmer 42 | . 9 4 . . 5 . 2 . 5 . 2 . . . . 5 . . . . 5 5 . . Saboteur 3 | . . . . . . . . . . . . . 3 . . . . . . . . . . . Grunt 109 | . 4 . . . 24 . . . 1 33 2 8 7 3 17 . . . . 2 4 . 4 . Brawler 11 | . . . . . 1 . . . 1 1 1 3 3 . 1 . . . . . . . . . Duelist 5 | . . . . . . . 1 . . 1 . 1 . 1 . . . . . . . . 1 . Protector 2 | . . . . . . . . . . . . . 2 . . . . . . . . . . . Researcher 2 | . . . . . . . . . . . . . . . . . . . . . 1 . . 1 Sentry 19 | . . . 1 . 4 . . . . 5 . 1 . . 4 . . . 1 2 . 1 . . Demolisher 2 | . . . 1 . . . . . . . . . 1 . . . . . . . . . . . Specialist 1 | . . . . . . . . . . . . . 1 . . . . . . . . . . . Hunter 22 | . . . 1 . 3 . . . . 7 1 . . 4 . . . . . . 4 2 . . Programmer 53 | . . . 1 . 7 . . . . 12 . 2 2 . 8 . . . . 5 4 7 5 . Heavy 2 | . . . . . 2 . . . . . . . . . . . . . . . . . . . Behemoth 2 | . . . . . . . . . . 1 . . . 1 . . . . . . . . . . Artisan 1 | . . 1 . . . . . . . . . . . . . . . . . . . . . . Subdweller 10 | . . 10 . . . . . . . . . . . . . . . . . . . . . . Decomposer 1 | . . . . . . 1 . . . . . . . . . . . . . . . . . . Samaritan 7 | . . . . . . 6 1 . . . . . . . . . . . . . . . . . Thug 1 | . . . . . . . 1 . . . . . . . . . . . . . . . . . Butcher 1 | . . . . . . . 1 . . . . . . . . . . . . . . . . . Best Kill Streak 17 | 4 5 4 5 . 17 1 2 . 5 8 3 8 13 4 11 5 . . 1 3 8 6 4 4 Combat Bots Only 13 | . 5 4 1 . 6 . 2 . 5 8 3 8 13 4 6 5 . . 1 3 6 5 4 3 Max Kills in Single Turn 7 | 1 2 1 1 . 7 1 1 . 5 4 2 2 4 2 2 1 . . 1 2 3 4 1 3 Gunslinging 1 | . 1 . . . . . . . . . . 1 . . 1 . . . . . . . . . Exploded 5 | . . . . . 3 . . . 5 4 2 . 4 2 . . . . . 1 2 4 . 3 Melee 1 | . . . . . . . . . . . . . . . . . . . . . . 1 1 . Uniques/NPCs Destroyed . | . . . . . . . . . . . . . . . . . . . . . . . . . Combat | -11 -10 -10 -9 -9 -6 -6 -6 -6 -5 -5 -5 -5 -5 -4 -4 -4 -4 -4 -3 -3 -3 -2 -2 -2 -------- Run | Yrd Mat Sub Rec Scr Fac Low Low Dat Pro Fac Upp Upp War Pro Fac Upp Upp Zhi Pro Res Tes Res Qua Frg Hostile Shots Fired 1910 | . 48 101 21 . 292 2 19 . 8 390 13 18 47 70 205 38 . . 3 155 136 148 92 104 Missed 573 | . 9 31 6 . 99 . 4 . 3 101 3 4 14 18 41 12 . . 2 60 47 52 33 34 Hits 1337 | . 39 70 15 . 193 2 15 . 5 289 10 14 33 52 164 26 . . 1 95 89 96 59 70 Melee 16 | . . . . . 1 . 2 . . 5 . 2 . . 1 . . . . . . . 5 . Projectile 1321 | . 39 70 15 . 192 2 13 . 5 284 10 12 33 52 163 26 . . 1 95 89 96 54 70 AOE 75 | . . . 3 . . . . . . 1 . . 12 . . . . . . . 5 . . 54 Critical Strikes 62 | . . 1 . . 11 . 4 . . 12 1 . . 3 14 1 . . . 2 5 3 4 1 Actively Blocked 26 | . . . . . . . 4 . . 5 1 . . 3 6 . . . . . 2 1 3 1 Part Disruptions 5 | . . . . . . 1 . . . . . . 2 . . . . . . 1 1 . . . Damage Taken 26199 | . 379 934 252 . 2440 35 299 . 74 5535 220 314 1194 1200 2885 384 57 . 22 1764 1672 2182 1461 2896 Core 3492 | . 45 67 24 . 146 . 15 . . 412 . . 57 112 447 78 . . 22 452 265 120 85 1145 Absorbed by Shields 2034 | . . . . . 779 . . . . . . . . 215 142 . . . . 163 515 220 . . Reduced by Siege Mode 364 | . . . . . . . . . . 210 . 29 . 32 93 . . . . . . . . . Redirected to Shielding 291 | . . . . . . . . . . . . . . . . . . . . . 291 . . . Ignored by Resistances 1111 | . . . . . . . 5 . 4 368 27 . . . 656 . . . . 51 . . . . Regen/Repaired (Parts) 3695 | . . . . 208 521 . 30 . . 437 23 36 154 5 88 . . . . 99 132 585 1326 51 Core Remaining (%) 59 | 100 . . . 45 . . . . 81 . . . . 41 . . . . 47 . 44 . . . Volleys Fired 1163 | 5 49 85 24 . 139 31 11 . 6 238 30 31 20 36 114 22 21 12 57 73 94 38 20 7 Largest 4 | 2 2 2 1 . 3 3 3 . 3 3 3 3 3 3 4 1 1 1 3 3 3 2 1 1 Hottest 300 | 70 136 148 80 . 146 91 135 . 135 198 162 162 102 184 230 65 65 65 185 185 209 115 50 300 Shots Fired 2051 | 10 81 108 24 . 340 34 29 . 16 488 55 81 52 54 283 23 21 12 64 87 116 47 19 7 Gun 1539 | 10 49 . . . 310 3 23 . 15 367 50 76 49 36 271 22 21 11 64 86 40 36 . . Cannon 422 | . 23 101 24 . 15 29 6 . . 104 2 5 . 6 12 . . . . . 70 6 16 3 Launcher 69 | . . 7 . . 15 . . . 1 17 1 . 3 12 . 1 . . . . 4 5 . 3 Special 21 | . 9 . . . . 2 . . . . 2 . . . . . . 1 . 1 2 . 3 1 Kinetic 943 | 5 13 . . . 271 3 21 . 14 266 43 76 49 36 90 . . . . 3 36 17 . . Thermal 925 | 5 68 101 24 . 54 29 8 . 1 190 10 5 . . 162 21 21 11 54 50 67 25 16 3 Explosive 51 | . . 7 . . 9 . . . 1 17 1 . 3 . . 1 . . . . 4 5 . 3 Electromagnetic 59 | . . . . . 6 . . . . 15 . . . 12 19 . . . . . 7 . . . Entropic 62 | . . . . . . . . . . . . . . 6 12 1 . . 10 33 . . . . Robot Hit Streak 40 | 3 9 13 3 . 20 13 6 . 7 18 10 15 14 15 40 3 2 10 6 7 9 8 9 3 Robot Miss Streak 7 | 1 3 2 2 . 7 2 7 . 3 6 1 3 4 1 2 4 . 1 2 4 2 2 1 1 Penetration Max 2 | . . . . . 2 . . . . 2 . 1 2 . 2 . . . . . 1 . . . Secondary Targets 22 | . 2 . . . . . 1 . 1 3 . 5 3 . 6 . . . . 1 . . . . Max Gunslinging Chain 2 | . 1 . . . . . 1 . 1 1 . 1 1 . 2 . . . . 1 . . . . Shots Hit Robots 1364 | 7 41 42 8 . 270 25 20 . 11 336 35 57 36 47 214 5 1 11 7 35 52 53 43 8 Core Hits 1072 | 4 23 23 6 . 395 13 24 . 18 236 9 27 37 21 102 7 . 4 4 25 38 31 20 5 Critical Kills 21 | . . 2 . . . . . . . 10 2 2 2 1 . . . . . . 2 . . . Critical Parts Destroyed 23 | . . . . . . . . . . 9 5 3 1 . 1 . . . . 3 1 . . . Critical Strikes 73 | . . 2 . . . . . . . 30 8 5 3 2 4 . . . . 3 3 5 8 . Burn 11 | . . . . . . . . . . 11 . . . . . . . . . . . . . . Meltdown 7 | . . 2 . . . . . . . 3 . . . . . . . . . . 2 . . . Destroy 35 | . . . . . . . . . . 16 8 5 3 1 1 . . . . . 1 . . . Sever 13 | . . . . . . . . . . . . . . . . . . . . . . 5 8 . Detonate 3 | . . . . . . . . . . . . . . . . . . . . 3 . . . . Sunder 4 | . . . . . . . . . . . . . . 1 3 . . . . . . . . . Melee Attacks 166 | . . . . . . . . . . . . . . . . . . . . . 2 66 75 23 Impact . | . . . . . . . . . . . . . . . . . . . . . . . . . Slashing 166 | . . . . . . . . . . . . . . . . . . . . . 2 66 75 23 Piercing . | . . . . . . . . . . . . . . . . . . . . . . . . . Sneak Attacks 17 | . . . . . . . . . . . . . . . . . . . . . . 6 9 2 Combat Hostiles 1 | . . . . . . . . . . . . . . . . . . . . . . . 1 . Follow-up Attacks . | . . . . . . . . . . . . . . . . . . . . . . . . . Damage Inflicted 53799 | 86 635 1079 342 . 9384 712 476 . 605 11815 1020 1611 2053 2057 7933 442 31 319 319 1834 3437 3783 2892 934 Guns 27764 | 86 349 . . . 5538 75 316 . 235 6439 839 1579 1207 775 6697 149 31 319 319 1650 782 379 . . Cannons 7248 | . 258 1040 277 . . 637 160 . . 1916 . 32 . 493 1045 . . . . . 1236 111 43 . Explosions 12857 | . . 39 . . 3755 . . . 370 3439 181 . 846 789 100 293 . . . 184 1419 984 . 458 Melee 5629 | . . . . . . . . . . . . . . . . . . . . . . 2309 2849 471 Ramming 301 | . 28 . 65 . 91 . . . . 21 . . . . 91 . . . . . . . . 5 Kinetic 17523 | 38 48 . . . 4709 75 296 . 213 4863 785 1579 1207 775 2084 . . . . 46 695 110 . . Thermal 14739 | 48 559 1040 277 . 1941 637 180 . 22 3294 54 32 . . 4243 121 31 319 . 314 1204 380 43 . Explosive 10336 | . . 39 . . 2334 . . . 370 3412 181 . 846 . . 293 . . . . 1419 984 . 458 Electromagnetic 1912 | . . . . . 309 . . . . 225 . . . 789 470 . . . . . 119 . . . Impact . | . . . . . . . . . . . . . . . . . . . . . . . . . Slashing 5629 | . . . . . . . . . . . . . . . . . . . . . . 2309 2849 471 Piercing . | . . . . . . . . . . . . . . . . . . . . . . . . . Entropic 3359 | . . . . . . . . . . . . . . 493 1045 28 . . 319 1474 . . . . Highest Corruption 23 | . 2 2 2 . 4 4 . . . 14 14 14 14 1 11 11 12 12 12 7 14 15 23 1 Average Corruption 6 | . 2 2 2 . 2 3 . . . 4 14 14 14 1 4 11 11 12 12 3 9 10 17 1 Corruption Purged 4 | . . . . . . 4 . . . . . . . . . . . . . . . . . . Corruption Blocked . | . . . . . . . . . . . . . . . . . . . . . . . . . Effects 678 | . 10 99 9 . 56 26 . . . 49 79 90 2 1 36 11 24 9 32 25 53 24 42 1 Message Errors 145 | . 3 24 2 . 10 10 . . . 8 16 20 1 . 6 3 3 4 4 5 13 2 11 . Matter Fused 157 | . 3 22 1 . 11 7 . . . 11 21 21 . 1 14 . 6 . 8 8 7 5 11 . Heat Flow Errors 89 | . 3 15 1 . 10 1 . . . 5 13 9 . . 1 2 5 2 5 4 5 4 4 . Energy Discharges 78 | . . 18 1 . 4 2 . . . 8 7 10 . . 8 1 1 1 2 1 5 2 6 1 Parts Rejected 7 | . . . . . . . . . . 2 1 . . . . . . . . 1 1 1 1 . Parts Fused 9 | . . 1 1 . 1 1 . . . . 1 1 . . . . . . 1 . 1 . 1 . Data Loss (minor) 87 | . . 10 . . 7 3 . . . 6 10 14 . . 3 4 5 2 3 4 9 5 2 . Data Loss (major) 35 | . 1 3 1 . 6 1 . . . 2 5 3 1 . 2 . . . 2 1 2 1 4 . Misfires 29 | . . 4 1 . 4 1 . . . 3 2 2 . . 1 1 2 . 3 . 5 . . . Alerts 20 | . . 2 1 . . . . . . 1 2 6 . . . . . . 3 1 2 1 1 . Misdirections 3 | . . . . . . . . . . . . . . . . . . . . . . 3 . . Weapon Failures 19 | . . . . . 3 . . . . 3 1 4 . . 1 . 2 . 1 . 3 . 1 . Overload Shots . | . . . . . . . . . . . . . . . . . . . . . . . . . Overflow Damage 2171 | . . 37 . . 527 138 . . . 190 . . 5 . 180 . . . . . 168 248 550 128 Projectiles 409 | . . 12 . . . 138 . . . 32 . . . . 156 . . . . . 71 . . . Explosions 1002 | . . 25 . . 520 . . . . 158 . . 5 . 24 . . . . . 97 93 . 80 Melee 760 | . . . . . 7 . . . . . . . . . . . . . . . . 155 550 48 Knockbacks 4 | . . . 1 . 2 . . . . . . . . . 1 . . . . . . . . . Impact 4 | . . . 1 . 2 . . . . . . . . . 1 . . . . . . . . . Kinetic . | . . . . . . . . . . . . . . . . . . . . . . . . . Secondary . | . . . . . . . . . . . . . . . . . . . . . . . . . Self-Inflicted Damage 1047 | . . 71 . . 408 . . . . 420 . . 35 . . . . . . 44 67 . . 2 Shots 20 | . . 2 . . 5 . . . . 10 . . 1 . . . . . . 1 1 . . . Rammed 34 | . 3 . 11 . 8 . . . . 2 . . . . 9 . . . . . . . . 1 Targets Rammed 40 | . 3 . 14 . 9 . . . . 3 . . . . 10 . . . . . . . . 1 Kicked . | . . . . . . . . . . . . . . . . . . . . . . . . . Crushed 6 | . . . 3 . 1 . . . . 1 . . . . 1 . . . . . . . . . Highest Temperature 551 | 27 272 281 220 . 267 232 95 . 199 288 276 274 258 200 551 221 248 291 347 488 239 273 217 148 Average Temperature 86 | 11 69 68 73 . 76 101 18 . 91 58 86 105 84 91 148 74 65 100 115 135 50 73 92 78 Received Heat Transfer 2828 | . 84 255 . . 454 20 42 . 9 771 78 63 60 45 518 . . . . 123 111 45 126 24 Effects 29 | . . . . . 4 . . . . 3 . 2 . . 14 . . . . 5 . . 1 . Shutdowns 5 | . . . . . . . . . . . . . . . 3 . . . . 2 . . . . Energy Bleed 8 | . . . . . 1 . . . . 3 . 2 . . 2 . . . . . . . . . Interference 7 | . . . . . 3 . . . . . . . . . . . . . . 3 . . 1 . Matter Decay 2 | . . . . . . . . . . . . . . . 2 . . . . . . . . . Short Circuit 1 | . . . . . . . . . . . . . . . 1 . . . . . . . . . Damage (minor) 1 | . . . . . . . . . . . . . . . 1 . . . . . . . . . Damage (major) 3 | . . . . . . . . . . . . . . . 3 . . . . . . . . . Damage (core) 2 | . . . . . . . . . . . . . . . 2 . . . . . . . . . Siege Activations 13 | . . . . . . . . . . 3 1 5 . 1 3 . . . . . . . . . Total Turns 300 | . . . . . . . . . . 64 6 55 . 101 74 . . . . . . . . . Longest Duration 101 | . . . . . . . . . . 24 6 24 . 101 36 . . . . . . . . . Martial Activations . | . . . . . . . . . . . . . . . . . . . . . . . . . Shielding Activations . | . . . . . . . . . . . . . . . . . . . . . . . . . Robots Disrupted . | . . . . . . . . . . . . . . . . . . . . . . . . . Combat Hostiles . | . . . . . . . . . . . . . . . . . . . . . . . . . Robots Corrupted 7 | . . . . . 1 . . . . 1 . . . 4 1 . . . . . . . . . Combat Hostiles 5 | . . . . . . . . . . 1 . . . 4 . . . . . . . . . . Parts Fried 9 | . . . . . . . . . . 1 . . . 5 2 . . . . . 1 . . . Impact Corruptions 1 | . . . . . 1 . . . . . . . . . . . . . . . . . . . Robots Melted 11 | . . 2 . . . . . . . 7 . . . . . . . . . . 2 . . . Combat Hostiles 10 | . . 2 . . . . . . . 6 . . . . . . . . . . 2 . . . Parts Melted 65 | . . 4 . . 4 1 3 . . 32 1 2 . . 14 . . . . . 3 1 . . Heat Transferred 22046 | 148 1369 1554 370 . 2495 1000 287 . 37 7637 150 50 . . 4688 148 37 370 . 337 999 333 37 . Parts Sabotaged 3 | . . . . . . . . . . 3 . . . . . . . . . . . . . . Parts Stolen . | . . . . . . . . . . . . . . . . . . . . . . . . . Parts Stripped . | . . . . . . . . . . . . . . . . . . . . . . . . . Power Chain Reactions 1 | . . . . . 1 . . . . . . . . . . . . . . . . . . . Alert | -11 -10 -10 -9 -9 -6 -6 -6 -6 -5 -5 -5 -5 -5 -4 -4 -4 -4 -4 -3 -3 -3 -2 -2 -2 ------- Run | Yrd Mat Sub Rec Scr Fac Low Low Dat Pro Fac Upp Upp War Pro Fac Upp Upp Zhi Pro Res Tes Res Qua Frg Maximum Alert Level 4 | . 1 . 1 . 4 . . . . 4 . . . . 3 . . . . 1 2 2 2 1 Low Security (%) 36 | 100 70 . 91 . 13 . . . . 16 . . . . 39 . . . . 86 69 . . 2 Level 1 33 | . 29 . 8 . 64 . . . . 8 . . . . 22 . . . . 13 22 74 41 97 Level 2 20 | . . . . . 18 . . . . 36 . . . . 31 . . . . . 8 25 58 . Level 3 7 | . . . . . 2 . . . . 31 . . . . 6 . . . . . . . . . Level 4 1 | . . . . . 1 . . . . 5 . . . . . . . . . . . . . . Level 5 . | . . . . . . . . . . . . . . . . . . . . . . . . . High Security . | . . . . . . . . . . . . . . . . . . . . . . . . . Max Security . | . . . . . . . . . . . . . . . . . . . . . . . . . Peak Influence 1488 | 10 265 . 218 . 1138 . . . . 1488 . . . . 724 . . . . 260 577 666 566 317 Initial 365 | . 3 . 134 . . . . . . . . . . . . . . . . . . 310 365 301 Average 323 | 3 146 . 148 . 339 . . . . 620 . . . . 321 . . . . 71 124 342 417 266 Influence Increases 12890 | 20 622 300 240 . 1999 5 393 . 252 2509 364 521 357 235 1159 110 . 15 25 859 1049 840 631 385 Destroy 0b10 Robot/C 6320 | . 260 120 80 . 1000 . 220 . 180 1320 260 400 320 180 600 100 . . 20 280 400 300 200 80 Destroy 0b10 Robot/NC 625 | 20 35 . 15 . 190 5 . . . 80 5 . 10 . 80 . . 15 5 20 60 30 45 10 Destroy Leader 1176 | . 56 . . . 270 . 20 . 20 276 20 40 . 40 152 10 . . . 80 86 72 32 2 Allied During Kill 527 | . . . . . 9 . 153 . 52 44 79 81 27 . . . . . . 60 22 . . . Successful Hack 477 | . 68 . 14 . 57 . . . . 17 . . . . 16 . . . . 61 90 18 47 89 Select Force Hacks 180 | . 60 . 120 . . . . . . . . . . . . . . . . . . . . . Disable Machine 825 | . . . . . 195 . . . . 240 . . . . 90 . . . . 30 180 15 45 30 Destroy Structure 1595 | . 8 . 11 . 233 . . . . 502 . . . . 146 . . . . 148 196 225 72 54 Partial Spotted 60 | . . . . . . . . . . . . . . . . . . . . 15 15 30 . . Lose Combat Pursuer 1005 | . 135 180 . . 45 . . . . 30 . . . 15 75 . . . . 165 . 150 90 120 Miscellaneous 100 | . . . . . . . . . . . . . . . . . . . . . . . 100 . Influence Decreases 12658 | 15 468 179 450 70 862 1058 416 61 252 1024 1186 841 407 528 439 437 348 60 25 859 496 743 745 689 Entered New Map 3259 | . 2 77 146 70 . 422 17 61 . . 550 127 343 293 . 267 76 45 . . . 243 285 235 Time Decay 7616 | 15 466 82 294 . 612 636 329 . 232 669 616 634 24 190 389 150 262 15 25 389 443 410 440 294 Lost Part 801 | . . 20 10 . 70 . . . . 140 . . 20 45 50 20 10 . . 116 30 90 20 160 Lost Ally 405 | . . . . . 30 . 70 . 20 65 20 80 20 . . . . . . 80 20 . . . Purge Threat 577 | . . . . . 150 . . . . 150 . . . . . . . . . 274 3 . . . Squads Dispatched 88 | . 3 . . . 19 . 1 . . 21 . . . . 13 . . . . 10 10 4 4 3 Investigation 16 | . 3 . . . 2 . . . . 4 . . . . 2 . . . . 4 . . . 1 Extermination 34 | . . . . . 6 . . . . 6 . . . . 6 . . . . 5 4 3 2 2 Reinforcement 24 | . . . . . 8 . . . . 6 . . . . 3 . . . . 1 3 1 2 . Assault 6 | . . . . . . . 1 . . 3 . . . . 2 . . . . . . . . . Garrison 8 | . . . . . 3 . . . . 2 . . . . . . . . . . 3 . . . Intercept . | . . . . . . . . . . . . . . . . . . . . . . . . . Searches Triggered . | . . . . . . . . . . . . . . . . . . . . . . . . . Data Miner Redirects 6 | . . . . . . . . . . 4 . . . . 1 . . . . 1 . . . . Construction Impeded 7 | . . . . . 2 . . . . 4 . . . . 1 . . . . . . . . . Haulers Reinforced 6 | . . . . . 3 . . . . 1 . . . . . . . . . . 1 1 . . Active Scanning Responses . | . . . . . . . . . . . . . . . . . . . . . . . . . Cargo Convoy Interrupts . | . . . . . . . . . . . . . . . . . . . . . . . . . Stealth | -11 -10 -10 -9 -9 -6 -6 -6 -6 -5 -5 -5 -5 -5 -4 -4 -4 -4 -4 -3 -3 -3 -2 -2 -2 --------- Run | Yrd Mat Sub Rec Scr Fac Low Low Dat Pro Fac Upp Upp War Pro Fac Upp Upp Zhi Pro Res Tes Res Qua Frg Distress Signals 12 | . . . . . 3 . . . . 2 . . 1 . 1 . . . . 1 2 . 1 1 Communications Jammed 21 | . . . . . . . . . . . . . . . . . . . . . 21 . . . Distress Signals 21 | . . . . . . . . . . . . . . . . . . . . . 21 . . . Times Spotted 496 | . 30 21 3 . 61 1 15 . 9 85 9 19 32 10 43 5 . . 2 37 39 35 24 16 Peak Tracking Total 12 | . 6 6 1 . 4 1 5 . 5 10 7 8 12 4 5 5 . . 1 9 6 8 6 8 Tactical Retreats 37 | . 5 6 . . 3 . . . . 2 . . . 1 5 . . . . 3 . 4 3 5 Traps | -11 -10 -10 -9 -9 -6 -6 -6 -6 -5 -5 -5 -5 -5 -4 -4 -4 -4 -4 -3 -3 -3 -2 -2 -2 ------- Run | Yrd Mat Sub Rec Scr Fac Low Low Dat Pro Fac Upp Upp War Pro Fac Upp Upp Zhi Pro Res Tes Res Qua Frg Traps Triggered 10 | . 2 1 . . 2 . . . . . . . 1 . . . 1 . . 2 . 1 . . Indirectly . | . . . . . . . . . . . . . . . . . . . . . . . . . Trap Hack Attempts . | . . . . . . . . . . . . . . . . . . . . . . . . . Triggered . | . . . . . . . . . . . . . . . . . . . . . . . . . Disarmed . | . . . . . . . . . . . . . . . . . . . . . . . . . Reprogrammed . | . . . . . . . . . . . . . . . . . . . . . . . . . Reused 2 | . . . . . . . . . . . . . 2 . . . . . . . . . . . Traps Extracted . | . . . . . . . . . . . . . . . . . . . . . . . . . Installed 3 | . . . . . . . . . . . . . 3 . . . . . . . . . . . Triggered 2 | . . . . . . . . . . . . . 2 . . . . . . . . . . . Most Traps Carried 4 | . . . . 1 1 4 4 4 4 4 4 4 3 . . . . . . . . . . . Machines | -11 -10 -10 -9 -9 -6 -6 -6 -6 -5 -5 -5 -5 -5 -4 -4 -4 -4 -4 -3 -3 -3 -2 -2 -2 ---------- Run | Yrd Mat Sub Rec Scr Fac Low Low Dat Pro Fac Upp Upp War Pro Fac Upp Upp Zhi Pro Res Tes Res Qua Frg Machines Disabled 70 | . . 4 . . 13 1 1 . . 16 1 3 1 . 6 . . 1 . 2 13 1 3 4 Max in Single Turn 4 | . . 2 . . 4 1 1 . . 2 1 1 1 . 1 . . 1 . 1 2 1 1 2 Garrison Access 5 | . . . . . 1 . . . . 2 . . . . . . . . . 2 . . . . Machines Repaired . | . . . . . . . . . . . . . . . . . . . . . . . . . Machines Dismantled 1 | . . . . . . . . . . . . . 1 . . . . . . . . . . . Machines Sabotaged . | . . . . . . . . . . . . . . . . . . . . . . . . . Overloaded Fab Kills . | . . . . . . . . . . . . . . . . . . . . . . . . . Hacking | -11 -10 -10 -9 -9 -6 -6 -6 -6 -5 -5 -5 -5 -5 -4 -4 -4 -4 -4 -3 -3 -3 -2 -2 -2 --------- Run | Yrd Mat Sub Rec Scr Fac Low Low Dat Pro Fac Upp Upp War Pro Fac Upp Upp Zhi Pro Res Tes Res Qua Frg Machines Accessed 124 | . 10 1 8 3 11 . 2 3 . 15 . 1 4 . 7 1 . 4 . 16 13 9 7 9 Terminals 58 | . 8 . 4 . 5 . . . . 5 . . . . 4 1 . . . 7 8 4 5 7 Fabricators 8 | . . . . . 1 . . . . 3 . . . . 1 . . . . 2 . 1 . . Repair Stations 11 | . . . . . 3 . . . . 2 . . . . 1 . . . . 1 1 2 . 1 Recycling Units 12 | . 2 . 4 . 1 . . . . 2 . . . . . . . . . 3 . . . . Scanalyzers 9 | . . . . . . . . . . 1 . . . . . . . . . 1 3 1 2 1 Garrison Access 8 | . . . . . 1 . . . . 2 . . . . 1 . . . . 2 1 1 . . Total Hacks 345 | . 28 1 20 12 36 . 8 28 . 26 . 1 14 . 14 1 . 16 . 49 30 23 12 26 Successful 224 | . 18 1 10 12 27 . 8 28 . 12 . 1 14 . 4 1 . 16 . 30 19 4 4 15 Failed 120 | . 10 . 10 . 9 . . . . 14 . . . . 10 . . . . 19 10 19 8 11 Catastrophic 26 | . 1 . 1 . 3 . . . . 2 . . . . 2 . . . . 3 1 7 3 3 Database Lockouts 1 | . . . . . . . . . . . . . . . . . . . . . 1 . . . Manual 103 | . 17 . 18 . 11 . . . . 7 . . . . 5 . . . . 20 10 . 2 13 Terminals 165 | . 25 . 15 . 17 . . . . 8 . . . . 9 1 . . . 28 19 12 8 23 Fabricators 18 | . . . . . 3 . . . . 8 . . . . 2 . . . . 4 . 1 . . Repair Stations 33 | . . . . . 13 . . . . 4 . . . . 1 . . . . 7 2 4 . 2 Recycling Units 16 | . 3 . 5 . 2 . . . . 3 . . . . . . . . . 3 . . . . Scanalyzers 21 | . . . . . . . . . . 1 . . . . . . . . . 5 8 2 4 1 Garrison Access 12 | . . . . . 1 . . . . 2 . . . . 2 . . . . 2 1 4 . . Terminal Hacks 125 | . 10 1 1 12 5 . 8 28 . 1 . 1 14 . 2 1 . 16 . 8 7 2 1 7 Record 33 | . . . . 4 . . 7 6 . . . 1 4 . . 1 . 5 . . . . . 5 Part Schematic 19 | . 2 . . . . . . 13 . . . . . . . . . 3 . 1 . . . . Robot Schematic 6 | . . . . . . . . 6 . . . . . . . . . . . . . . . . Robot Analysis 15 | . 2 . 1 7 . . . . . . . . . . . . . 4 . . 1 . . . Prototype ID Bank 20 | . 1 . . . 1 . . 3 . . . . 9 . . . . 4 . 1 . . . 1 Open Door 3 | . . . . . . . 1 . . . . . 1 . . . . . . . 1 . . . Level Access Points 1 | . . . . . 1 . . . . . . . . . . . . . . . . . . . Branch Access Points 4 | . . . . . 1 . . . . . . . . . 1 . . . . 1 . 1 . . Machine Index 1 | . . . . . . . . . . . . . . . . . . . . . 1 . . . Terminal Index 2 | . 1 . . . . . . . . . . . . . . . . . . . 1 . . . Fabricator Index 1 | . . . . . . . . . . . . . . . . . . . . . . 1 . . Alert Level 2 | . . . . . . . . . . . . . . . . . . . . 1 1 . . . Unreport Threat 6 | . . . . . 1 . . . . 1 . . . . . . . . . 2 1 . 1 . Locate Traps 7 | . 3 . . . 1 . . . . . . . . . 1 . . . . . 1 . . 1 Recall Investigation 1 | . . . . . . . . . . . . . . . . . . . . 1 . . . . Recall Extermination 1 | . . . . . . . . . . . . . . . . . . . . 1 . . . . Hauler Manifests 1 | . 1 . . . . . . . . . . . . . . . . . . . . . . . Proto ID Catalog 2 | . . 1 . 1 . . . . . . . . . . . . . . . . . . . . Fabricator Hacks 9 | . . . . . 1 . . . . 4 . . . . 2 . . . . 2 . . . . Load Schematic 4 | . . . . . . . . . . 2 . . . . 1 . . . . 1 . . . . Build 5 | . . . . . 1 . . . . 2 . . . . 1 . . . . 1 . . . . Repair Station Hacks 22 | . . . . . 12 . . . . 2 . . . . . . . . . 4 2 . . 2 Scan Component 11 | . . . . . 6 . . . . 1 . . . . . . . . . 2 1 . . 1 Repair 11 | . . . . . 6 . . . . 1 . . . . . . . . . 2 1 . . 1 Recycling Unit Hacks . | . . . . . . . . . . . . . . . . . . . . . . . . . Scanalyzer 12 | . . . . . . . . . . . . . . . . . . . . 4 4 2 2 . Insert Component 4 | . . . . . . . . . . . . . . . . . . . . 2 1 1 . . Analyze 3 | . . . . . . . . . . . . . . . . . . . . 1 1 1 . . Retrieve Study 5 | . . . . . . . . . . . . . . . . . . . . 1 2 . 2 . Garrison Access Hacks 5 | . . . . . 1 . . . . 2 . . . . . . . . . 2 . . . . Seal Access 5 | . . . . . 1 . . . . 2 . . . . . . . . . 2 . . . . Unauthorized Hacks 51 | . 8 . 9 . 8 . . . . 3 . . . . . . . . . 10 6 . 1 6 Terminals 39 | . 6 . 5 . 7 . . . . 1 . . . . . . . . . 7 6 . 1 6 Track 2 | . . . . . . . . . . . . . . . . . . . . . 1 . . 1 Assimilate 7 | . . . . . 2 . . . . . . . . . . . . . . 2 1 . . 2 Botnet 10 | . . . 2 . . . . . . 1 . . . . . . . . . 1 3 . 1 2 Operators 4 | . 1 . . . 1 . . . . . . . . . . . . . . . 1 . . 1 Skim 16 | . 5 . 3 . 4 . . . . . . . . . . . . . . 4 . . . . Fabricators . | . . . . . . . . . . . . . . . . . . . . . . . . . Repair Stations . | . . . . . . . . . . . . . . . . . . . . . . . . . Recycling Units 12 | . 2 . 4 . 1 . . . . 2 . . . . . . . . . 3 . . . . Tunnel 6 | . 2 . 4 . . . . . . . . . . . . . . . . . . . . . Fedlink 4 | . . . . . 1 . . . . 1 . . . . . . . . . 2 . . . . Scrapoids 2 | . . . . . . . . . . 1 . . . . . . . . . 1 . . . . Scanalyzers . | . . . . . . . . . . . . . . . . . . . . . . . . . Garrison Access . | . . . . . . . . . . . . . . . . . . . . . . . . . Data Cores Recovered 4 | . 2 . . . . . . . . . . . . . . . . . . 1 1 . . . Used 4 | . 2 . . . . . . . . . . . . . . . . . . 1 1 . . . Hacking Detections 80 | . 8 . 4 . 8 . . . . 9 . . . . 7 1 . . . 11 10 8 7 7 Full Trace Events 5 | . . . . . 1 . . . . 2 . . . . 1 . . . . 1 . . . . Feedback Events 1 | . . . . . 1 . . . . . . . . . . . . . . . . . . . Corruption 1 | . . . . . 1 . . . . . . . . . . . . . . . . . . . Feedback Blocked . | . . . . . . . . . . . . . . . . . . . . . . . . . Robot Schematics Acquired 7 | . . . . . . . . 6 . . . . . . . . . . . . 1 . . . Robots Built 1 | . . . . . 1 . . . . . . . . . . . . . . . . . . . Authchips . | . . . . . . . . . . . . . . . . . . . . . . . . . Time 76 | . . . . . 76 . . . . . . . . . . . . . . . . . . . Total Robot Build Rating 5 | . . . . . 5 . . . . . . . . . . . . . . . . . . . Part Schematics Acquired 25 | . 2 . . . . . . 13 . . . . . . . . . 3 . 2 1 1 . 3 Parts Built 5 | . . . . . . . . . . 2 . . . . 1 . . . . 2 . . . . Authchips . | . . . . . . . . . . . . . . . . . . . . . . . . . Time 393 | . . . . . . . . . . 234 . . . . 117 . . . . 42 . . . . Total Part Build Rating 37 | . . . . . . . . . . 14 . . . . 7 . . . . 16 . . . . Part Studies Acquired 5 | . . . . . . . . . . . . . . . . . . . . 1 2 . 2 . Parts Repaired 11 | . . . . . 6 . . . . 1 . . . . . . . . . 2 1 . . 1 Time 365 | . . . . . 252 . . . . 25 . . . . . . . . . 42 26 . . 20 Parts Recycled . | . . . . . . . . . . . . . . . . . . . . . . . . . Recycled Matter . | . . . . . . . . . . . . . . . . . . . . . . . . . Retrieved Matter . | . . . . . . . . . . . . . . . . . . . . . . . . . Retrieved Components . | . . . . . . . . . . . . . . . . . . . . . . . . . Parts Scanalyzed 3 | . . . . . . . . . . . . . . . . . . . . 2 1 . . . Part Schematics Acquired 2 | . . . . . . . . . . . . . . . . . . . . 1 . 1 . . Parts Damaged . | . . . . . . . . . . . . . . . . . . . . . . . . . Bothacking | -11 -10 -10 -9 -9 -6 -6 -6 -6 -5 -5 -5 -5 -5 -4 -4 -4 -4 -4 -3 -3 -3 -2 -2 -2 ------------ Run | Yrd Mat Sub Rec Scr Fac Low Low Dat Pro Fac Upp Upp War Pro Fac Upp Upp Zhi Pro Res Tes Res Qua Frg Used RIF Installer . | . . . . . . . . . . . . . . . . . . . . . . . . . Robots Hacked 2 | . . . . . . . . . . . . . . . . . . . . . 1 . 1 . Non-combat 1 | . . . . . . . . . . . . . . . . . . . . . . . 1 . Combat 1 | . . . . . . . . . . . . . . . . . . . . . 1 . . . Robot Hacks Applied 2 | . . . . . . . . . . . . . . . . . . . . . 1 . 1 . parse_system 2 | . . . . . . . . . . . . . . . . . . . . . 1 . 1 . Relay Couplers Released 8 | . . . . . 5 . . . . . . . . . . . . . . . 3 . . . Machine Destruction 1 | . . . . . 1 . . . . . . . . . . . . . . . . . . . Programmers 7 | . . . . . 4 . . . . . . . . . . . . . . . 3 . . . Fabnet Peak Effective % . | . . . . . . . . . . . . . . . . . . . . . . . . . Robots Rewired 14 | . . . 5 . . 3 1 . . . 2 2 . . . . . . . . 1 . . . Allies Hacked . | . . . . . . . . . . . . . . . . . . . . . . . . . Hacks Repelled . | . . . . . . . . . . . . . . . . . . . . . . . . . Allies | -11 -10 -10 -9 -9 -6 -6 -6 -6 -5 -5 -5 -5 -5 -4 -4 -4 -4 -4 -3 -3 -3 -2 -2 -2 -------- Run | Yrd Mat Sub Rec Scr Fac Low Low Dat Pro Fac Upp Upp War Pro Fac Upp Upp Zhi Pro Res Tes Res Qua Frg Total Allies 36 | . . . 5 . 3 8 3 . . 5 2 2 . . . . . . . 6 2 . . . Largest Group 8 | . . . 5 4 3 8 8 5 5 5 4 4 2 . . . . . . 5 2 . . . Highest-Rated Group 322 | . . . 80 70 60 322 322 163 163 235 166 160 59 . . . . . . 320 168 . . . Highest-Rated Ally 158 | . . . 34 34 34 47 47 47 47 47 49 49 30 . . . . . . 64 158 . . . Initial UFD Resources 62 | . . . . . 22 32 32 32 36 36 43 43 43 47 47 47 47 47 49 49 60 62 62 62 Total Orders 11 | . . . . . 4 . . . 2 . 3 . . . . . . . . 1 1 . . . STAY 7 | . . . . . 2 . . . 1 . 2 . . . . . . . . 1 1 . . . FOLLOW 4 | . . . . . 2 . . . 1 . 1 . . . . . . . . . . . . . Ally Attacks 377 | . . . . . 12 4 92 . 28 41 53 67 16 . . . . . . 60 4 . . . Total Damage 7884 | . . . . . 699 79 1694 . 521 1022 826 1251 185 . . . . . . 1233 374 . . . Kills 51 | . . . . . 6 1 10 . 2 8 7 6 . . . . . . . 7 4 . . . Allies Corrupted 2 | . . . . . 1 . . . . . . . . . . . . . . . 1 . . . Allies Melted 1 | . . . . . . . . . . . . . 1 . . . . . . . . . . . Intel | -11 -10 -10 -9 -9 -6 -6 -6 -6 -5 -5 -5 -5 -5 -4 -4 -4 -4 -4 -3 -3 -3 -2 -2 -2 ------- Run | Yrd Mat Sub Rec Scr Fac Low Low Dat Pro Fac Upp Upp War Pro Fac Upp Upp Zhi Pro Res Tes Res Qua Frg Active Infowar (turns) 28174 | 7 1197 2920 . . 3034 2247 1093 143 1050 3560 2047 1577 . 28 1621 300 562 271 963 1747 1424 989 867 527 Optics 19424 | . . . . . 3034 2247 1093 143 1050 3560 1251 . . . 488 300 562 271 963 1735 1424 989 314 . Sensors 7810 | . . . . . . . . . . 25 1813 1577 . 28 988 298 557 270 960 642 . . 125 527 Terrain 650 | . . . . . . . . . . . . . . . . 165 456 27 . 2 . . . . Structural 679 | . 601 78 . . . . . . . . . . . . . . . . . . . . . . Traps 3131 | . . . . . . . . . . 81 . . . . . . . . . 284 1170 553 517 526 Seismic 3565 | 7 596 2842 . . 120 . . . . . . . . . . . . . . . . . . . Machine Analysis 788 | . . . . . . . . . . . . . . . 788 . . . . . . . . . Cloaking 511 | . . . . . . . . . . . . . . . . . . . . . . 2 25 484 Jamming 2479 | . . . . . . . . . . . . . . . . . . . . . 1421 597 461 . Robot Analysis Total 15 | . 2 . 1 7 . . . . . . . . . . . . . 4 . . 1 . . . Derelict Logs Recovered 18 | . . 2 . 3 . 1 2 . 2 . 3 2 . 1 . 2 . . . . . . . . Drone Launches . | . . . . . . . . . . . . . . . . . . . . . . . . . Drone Recoveries . | . . . . . . . . . . . . . . . . . . . . . . . . . Exploration | -11 -10 -10 -9 -9 -6 -6 -6 -6 -5 -5 -5 -5 -5 -4 -4 -4 -4 -4 -3 -3 -3 -2 -2 -2 ------------- Run | Yrd Mat Sub Rec Scr Fac Low Low Dat Pro Fac Upp Upp War Pro Fac Upp Upp Zhi Pro Res Tes Res Qua Frg Turns Passed 42507 | 99 1802 6999 657 3772 3232 2247 1093 143 1050 3560 2047 2234 1828 1238 2526 300 562 271 963 1747 1424 989 1084 640 Spaces Moved 24979 | 59 805 2674 337 2275 1391 1313 648 92 487 1481 1046 1140 668 456 1103 484 562 460 694 2198 1449 1071 1210 876 Core 5 | 5 . . . . . . . . . . . . . . . . . . . . . . . . Treads 14511 | . 565 2119 140 2275 1391 1313 648 92 487 1481 1046 1140 668 456 690 . . . . . . . . . Legs . | . . . . . . . . . . . . . . . . . . . . . . . . . Wheels 1046 | 54 240 555 197 . . . . . . . . . . . . . . . . . . . . . Hover 9417 | . . . . . . . . . . . . . . . 413 484 562 460 694 2198 1449 1071 1210 876 Flight . | . . . . . . . . . . . . . . . . . . . . . . . . . Fastest Speed 35 | 50 90 110 130 160 145 145 157 157 157 157 170 180 180 170 35 35 35 40 45 38 56 41 43 43 Average Speed 129 | 95 139 193 143 164 149 149 157 157 157 165 173 180 258 199 175 38 40 43 45 59 63 57 58 45 Slowest Speed 400 | 100 160 260 260 250 250 161 157 157 157 180 180 180 270 240 400 105 42 45 45 111 111 104 98 106 Overloaded Moves . | . . . . . . . . . . . . . . . . . . . . . . . . . Propulsion Burnouts . | . . . . . . . . . . . . . . . . . . . . . . . . . Robots Hopped . | . . . . . . . . . . . . . . . . . . . . . . . . . Potential Cave-ins 3 | . . . . . . . . . . . . . . . . . . . . . . . . 3 Cave-ins Triggered . | . . . . . . . . . . . . . . . . . . . . . . . . . Teleports 2 | . . . . . . . . . . . . . . . . . . . 1 . . . 1 . Exploration Rate (%) 63 | 4 97 91 50 89 34 97 77 77 66 44 92 97 72 61 28 62 55 61 66 34 96 35 80 24 Regions Visited 24 Branch Regions 18 Pre-discovered Areas 14 | . 2 . 4 1 . . . 1 1 1 1 . . . . . . 3 . . . . . . Known Exits Taken 16 | . 1 . . . 1 1 . . 1 1 1 . . 1 1 1 1 1 1 1 1 1 1 . Unknown Exits Taken 8 | 1 . 1 1 1 . . 1 1 . . . 1 1 . . . . . . . . . . . Scrap Searched 30 | . . 3 . 3 . 5 2 . 1 . 4 4 . 3 . 3 1 . 1 . . . . . Spaces Dug 215 | . 7 2 4 . 10 3 . . . 38 10 2 . 1 3 6 12 . 20 14 24 24 20 15 Terrain Destroyed 1264 | . 8 55 14 . 232 7 4 . 24 292 43 44 24 8 78 34 20 . 63 52 124 86 31 21 Melee 52 | . . . . . . . . . . . . . . . . . . . . . . 22 16 14 Projectile 539 | . 8 10 14 . 16 7 4 . 3 123 28 44 17 8 57 18 20 . 63 21 42 14 15 7 AOE 672 | . . 45 . . 216 . . . 21 169 15 . 7 . 21 16 . . . 31 82 49 . . Terrain Rammed . | . . . . . . . . . . . . . . . . . . . . . . . . . Walls Destroyed . | . . . . . . . . . . . . . . . . . . . . . . . . . Machines Disabled . | . . . . . . . . . . . . . . . . . . . . . . . . . Actions | -11 -10 -10 -9 -9 -6 -6 -6 -6 -5 -5 -5 -5 -5 -4 -4 -4 -4 -4 -3 -3 -3 -2 -2 -2 --------- Run | Yrd Mat Sub Rec Scr Fac Low Low Dat Pro Fac Upp Upp War Pro Fac Upp Upp Zhi Pro Res Tes Res Qua Frg Total 33201 | 88 1385 4400 479 2308 2245 1568 699 91 761 2238 1240 1286 737 740 1478 572 874 518 1281 2543 1835 1301 1458 1076 Wait 5517 | 9 472 1573 20 . 567 176 16 . 260 361 116 102 . 230 150 56 286 12 525 170 165 40 67 144 Move 24955 | 58 804 2673 336 2274 1390 1312 647 91 486 1480 1045 1139 667 455 1102 483 561 459 693 2197 1448 1070 1209 876 Hop . | . . . . . . . . . . . . . . . . . . . . . . . . . Pick Up 183 | 7 15 20 1 13 21 7 2 . 1 21 7 3 8 4 8 1 . 6 1 7 8 7 14 1 Fast Attach 223 | 8 1 6 . 1 23 4 4 . . 18 3 . 6 2 22 3 1 9 1 38 31 24 14 4 Attach 124 | . 1 2 2 2 13 4 . . . 14 6 . 4 6 14 1 . 5 1 6 10 11 12 10 Detach 72 | 1 . . . . 6 2 1 . . 6 2 . 4 2 6 1 1 3 . 5 13 9 7 3 Swap 306 | . 25 13 2 6 52 7 9 . 8 66 9 4 5 3 13 4 1 2 2 13 27 14 17 4 Drop 303 | . 15 16 . 12 25 7 8 . . 29 8 3 12 2 39 1 3 10 1 34 30 22 23 3 Fire 1163 | 5 49 85 24 . 139 31 11 . 6 238 30 31 20 36 114 22 21 12 57 73 94 38 20 7 Melee 166 | . . . . . . . . . . . . . . . . . . . . . 2 66 75 23 Ram 1 | . . . . . . . . . . . . . . . . . . . . . . . . 1 Kick . | . . . . . . . . . . . . . . . . . . . . . . . . . Crush 39 | . 3 . 14 . 9 . . . . 3 . . . . 10 . . . . . . . . . Escape Stasis 1 | . . . . . . . . . . . . . . . . . . . . . 1 . . . Rewire 123 | . . . 80 . . 18 1 . . . 14 4 . . . . . . . . 6 . . . Trap 3 | . . . . . . . . . . . . . 3 . . . . . . . . . . . Miscellaneous 22 | . . 12 . . . . . . . 2 . . 8 . . . . . . . . . . . Route ------- -11/Scrapyard -10/Materials (discovered 6 exits: *Mat x3 / *Min x2 / *Sub) -10/Subcaves (discovered 3 exits: [*Mat x2] / *Rec) -9/Recycling -9/Scraptown (discovered 2 exits: *Fac x2) -6/Factory (discovered 6 exits: *Fac x4 / *Low x2) -6/Lower Caves -6/Lower Caves (discovered 2 exits: *Fac / *Dat) -6/Data Miner -5/Proximity Caves -5/Factory (discovered 3 exits: *Fac x2 / *Upp) -5/Upper Caves -5/Upper Caves (discovered 2 exits: *Fac / *War) -5/Warlord -4/Proximity Caves -4/Factory (discovered 5 exits: *Res / *Upp x2 / Ext x2) -4/Upper Caves -4/Upper Caves -4/Zhirov -3/Proximity Caves -3/Research (discovered 3 exits: Arm / *Tes x2) -3/Testing -2/Research (discovered 3 exits: *Acc / *Qua x2) -2/Quarantine (discovered 2 exits: *Sec / *Frg) -2/Protoforge History --------- Turn | Location | Event 14 | -11/Scrapyard | Discovered new exit (range 16) 100 | -11/Scrapyard | Entered Materials 306 | -10/Materials | Build established: Mutant 358 | -10/Materials | Discovered new exit (range 8) 472 | -10/Materials | Discovered new exit (range 15) 546 | -10/Materials | Discovered new exit (range 12) 684 | -10/Materials | Identified exit to Materials 684 | -10/Materials | Identified exit to Subcaves 700 | -10/Materials | Derelicts attacked the area 742 | -10/Materials | Loaded intel: 25 non-interactive machine locations 792 | -10/Materials | Identified exit to Mines 831 | -10/Materials | Learned 4 Subcaves zone layouts 861 | -10/Materials | Learned Recycling recycling unit intel 880 | -10/Materials | Learned Storage trap positions 910 | -10/Materials | Learned 4 Materials zone layouts 1659 | -10/Materials | Discovered exit to Materials (range 8) 1902 | -10/Materials | Entered Subcaves 2157 | -10/Subcaves | A swath of the cavern ceiling suddenly collapsed 3851 | -10/Subcaves | Shifting Twisted Machinery released Flamer 3852 | -10/Subcaves | Shifting Twisted Machinery released Sub. Monowheel 3961 | -10/Subcaves | Discovered new exit (range 16) 4390 | -10/Subcaves | Discovered new exit (range 12) 4930 | -10/Subcaves | Shifting Twisted Machinery released Sub. Laser 4931 | -10/Subcaves | A Subdweller sparked back to life 4931 | -10/Subcaves | A Subdweller sparked back to life 5267 | -10/Subcaves | Visited 4L-MR0's lab 8190 | -10/Subcaves | Discovered new exit (range 15) 8901 | -10/Subcaves | Entered Recycling 8902 | -9/Recycling | Loaded intel: 6 recycling unit locations 9264 | -9/Recycling | Core integrity fell below 50% 9401 | -9/Recycling | Scanned before Scraplab entrance 9534 | -9/Recycling | Entered Scraplab 9548 | -9/Recycling | Discovered new exit (range 2) 9558 | -9/Recycling | Entered Scraptown 9558 | -9/Scraptown | Accompanied by 4 allies 9558 | -9/Scraptown | System corruption cleaned by C-Scrubber 9642 | -9/Scraptown | Build established: Commander-Mutant 9789 | -9/Scraptown | Discovered new exit (range 13) 9862 | -9/Scraptown | Scanned Subdweller tech in exchange for log data 9869 | -9/Scraptown | Learned Factory stockpile data 9870 | -9/Scraptown | Learned Research interactive machine intel 9923 | -9/Scraptown | Visited Red Mages 9989 | -9/Scraptown | Visited Comm Corps 10010 | -9/Scraptown | Visited Shadow of the Wyrm 10350 | -9/Scraptown | Visited Assassins FH 10365 | -9/Scraptown | Visited UFD Registry 10365 | -9/Scraptown | Registered with UFD as "Gausschassis" 10387 | -9/Scraptown | Visited CR-KLE's Repair Center 10435 | -9/Scraptown | Visited Fellowship of the Rings 10526 | -9/Scraptown | Visited Scrapoid Pod Storage 10550 | -9/Scraptown | Visited Analyses Database 10586 | -9/Scraptown | Visited Science Guys 10661 | -9/Scraptown | Delivered Scrap Shield to a Scientist 10816 | -9/Scraptown | Visited A0-MCA Data Center 10840 | -9/Scraptown | Visited Scrap Suit Storage 10864 | -9/Scraptown | Visited Junk Repository 10899 | -9/Scraptown | Visited Junk Repository 10950 | -9/Scraptown | Visited Abandonware Association 10979 | -9/Scraptown | Learned abandonware demo "TRNCOAT.EXE" 11019 | -9/Scraptown | Visited Scrapoid Research Area 11126 | -9/Scraptown | Found Scrapoid Pod 12797 | -9/Scraptown | CR-KLE repaired 5 parts 13227 | -9/Scraptown | Met Optimus 13227 | -9/Scraptown | Accepted into 0bPrime 13322 | -9/Scraptown | Discovered new exit (range 3) 13330 | -9/Scraptown | Entered Factory 13330 | -6/Factory | Accompanied by 3 allies 13330 | -6/Factory | Evolved 8 slots: Propulsion x2, Utility x5, Weapon x1 13335 | -6/Factory | Discovered new exit (range 16) 13627 | -6/Factory | Fabricated M-22 Extractor (x1) 13835 | -6/Factory | Garrison activated, responded to threat 14115 | -6/Factory | Discovered new exit (range 7) 14394 | -6/Factory | Found Powered Armor 14403 | -6/Factory | Found Powered Armor 14671 | -6/Factory | Discovered new exit (range 19) 14678 | -6/Factory | Build established: Hacker-Gunner 14732 | -6/Factory | Identified exit to Factory 14865 | -6/Factory | Repaired Flak Gun 14977 | -6/Factory | Repaired Adv. Treads? 15100 | -6/Factory | Repaired Flak Gun? 15163 | -6/Factory | Repaired Adv. Treads 15777 | -6/Factory | Identified exit to Lower Caves 15777 | -6/Factory | Spotted B-75 Beast 16036 | -6/Factory | Loaded intel: 8 recycling unit locations 16113 | -6/Factory | Build established: Hacker-Tank 16114 | -6/Factory | Repaired Adv. Treads 16166 | -6/Factory | Repaired Force Field 16483 | -6/Factory | Lost 5 parts (3u2w) 16562 | -6/Factory | Entered Lower Caves 16564 | -6/Lower Caves | UFD Scientist delivered a prototype 16566 | -6/Lower Caves | Found Prototype Protection 16566 | -6/Lower Caves | Identified Enh. Scrap Shield 16771 | -6/Lower Caves | Build established: Tank 17051 | -6/Lower Caves | Identified exit to Lower Caves 17615 | -6/Lower Caves | Scrapoid Pod released 06L07-D (x5) 17616 | -6/Lower Caves | Attached CPS modules to 06L07-D 17618 | -6/Lower Caves | Attached CPS modules to 06L03-D 17910 | -6/Lower Caves | Build established: Mutant 18027 | -6/Lower Caves | Attacked by a delusional Derelict stockpiling Unaware 18335 | -6/Lower Caves | Build established: Scavenger-Tank 18809 | -6/Lower Caves | Entered another Lower Caves area 18809 | -6/Lower Caves | Accompanied by 8 allies 18877 | -6/Lower Caves | Discovered exit to Factory (range 13) 18952 | -6/Lower Caves | Learned 8 Factory zone layouts 19020 | -6/Lower Caves | Ambushed by wild Derelicts 19184 | -6/Lower Caves | Found Scrap Suit 19190 | -6/Lower Caves | Learned Factory garrison access intel 19497 | -6/Lower Caves | Discovered new exit (range 22) 19604 | -6/Lower Caves | Entered an active Warlord outpost 19612 | -6/Lower Caves | A Commander dispatched an escort 19643 | -6/Lower Caves | Learned location of 1 exit from Factory 19643 | -6/Lower Caves | Learned Extension emergency access door positions 19643 | -6/Lower Caves | Learned Factory garrison access intel 19723 | -6/Lower Caves | Attracted the attention of an 0b10 outpost 19902 | -6/Lower Caves | Entered Data Miner 19902 | -6/Data Miner | Accompanied by 7 allies 19902 | -6/Data Miner | Discovered new exit (range 6) 19903 | -6/Data Miner | Commander's escort returned to base 19903 | -6/Data Miner | Commander's escort returned to base 19923 | -6/Data Miner | Met Data Miner 19983 | -6/Data Miner | Learned location of Section 7 (-2) 19983 | -6/Data Miner | Acquired the access code to Warlord's prototype stash 19995 | -6/Data Miner | Received God Mode back door access code from Data Miner 20045 | -6/Data Miner | Entered Proximity Caves 20045 | -5/Proximity Caves | Accompanied by 5 allies 20211 | -5/Proximity Caves | Learned location of 1 exit from Factory 20284 | -5/Proximity Caves | Spotted B-75 Beast 20853 | -5/Proximity Caves | Discovered exit to Factory (range 6) 20986 | -5/Proximity Caves | Received a Behemoth hack from an annoying Tinkerer 21095 | -5/Proximity Caves | Entered Factory 21095 | -5/Factory | Accompanied by 3 allies 21095 | -5/Factory | Evolved 2 slots: Utility x2 21096 | -5/Factory | Identified exit to Upper Caves 21096 | -5/Factory | Identified exit to Factory 21098 | -5/Factory | Loaded intel: 4 garrison access locations 21857 | -5/Factory | Garrison activated, responded to threat 21875 | -5/Factory | Spotted B-75 Beast 22204 | -5/Factory | Lost 4 parts (3u1w) 22291 | -5/Factory | Destroyed B-75 Beast 22559 | -5/Factory | Incoming investigation squad redirected 22657 | -5/Factory | Fabricated Hvy. Siege Treads? 22773 | -5/Factory | Loaded intel: 8 recycling unit locations 22773 | -5/Factory | Learned location of Protoforge (-2) 22792 | -5/Factory | Incoming investigation squad redirected 23140 | -5/Factory | Discovered exit to Factory (range 11) 23550 | -5/Factory | Repaired Lyr. Medium Armor Plating 23795 | -5/Factory | First assault squad dispatched 23816 | -5/Factory | Incoming assault squad redirected 23931 | -5/Factory | Watched by a mysterious "MATRIX" hacker 23955 | -5/Factory | Incoming investigation squad redirected 23972 | -5/Factory | Found Unknown Device 23972 | -5/Factory | Identified Launcher Loader 24048 | -5/Factory | Fabricated Hvy. Siege Treads? 24117 | -5/Factory | Build established: Scavenger-Mutant 24251 | -5/Factory | System corruption reached 10% 24475 | -5/Factory | Destroyed 8 combat bots 24478 | -5/Factory | Build established: Mutant 24480 | -5/Factory | Lost 3 parts (1u2w) 24592 | -5/Factory | Scrapoid reinforcements arrived 24623 | -5/Factory | Found Scrap Suit 24655 | -5/Factory | Entered Upper Caves 24655 | -5/Upper Caves | Accompanied by 3 allies 24660 | -5/Upper Caves | Attached CPS modules to 05F11-D 24752 | -5/Upper Caves | Attracted the attention of an 0b10 outpost 24790 | -5/Upper Caves | Found Scrap Suit 25118 | -5/Upper Caves | Learned Factory emergency access door positions 25611 | -5/Upper Caves | Encountered a Warlord checkpoint 25615 | -5/Upper Caves | Identified exit to Upper Caves 25688 | -5/Upper Caves | Build established: Scavenger-Gunner 25922 | -5/Upper Caves | Spotted B-75 Beast 26209 | -5/Upper Caves | Build established: Scavenger-Tank 26702 | -5/Upper Caves | Entered another Upper Caves area 26702 | -5/Upper Caves | Accompanied by 4 allies 26718 | -5/Upper Caves | Encountered a Warlord checkpoint 27041 | -5/Upper Caves | Learned Factory terminal intel 27084 | -5/Upper Caves | Learned Factory garrison access intel 27794 | -5/Upper Caves | Discovered exit to Factory (range 15) 27820 | -5/Upper Caves | Attacked by a delusional Derelict stockpiling parts 28127 | -5/Upper Caves | Build established: Commander-Tank 28262 | -5/Upper Caves | Spotted B-75 Beast 28281 | -5/Upper Caves | Allies destroyed B-75 Beast 28497 | -5/Upper Caves | Destroyed 8 combat bots 28566 | -5/Upper Caves | Build established: Scavenger-Scrapper 28705 | -5/Upper Caves | Discovered new exit (range 9) 28854 | -5/Upper Caves | Found Alien Artifact 28936 | -5/Upper Caves | Entered Warlord 28936 | -5/Warlord | Accompanied by 2 allies 28999 | -5/Warlord | System corruption cleaned by Quarantine Array 29473 | -5/Warlord | Identified Dimensional Node Initializer 29473 | -5/Warlord | Initialized slip node 29883 | -5/Warlord | Received a Watcher feed algorithm from an ecstatic Tinkerer 30066 | -5/Warlord | Found Prototype Processor 30066 | -5/Warlord | Identified Exp. Targeting Computer 30079 | -5/Warlord | Found Prototype Device 30079 | -5/Warlord | Identified Thermal Barrier 30091 | -5/Warlord | Found Prototype Reactor 30112 | -5/Warlord | Rebuked by Warlord 30137 | -5/Warlord | Warlord's base attacked by MAIN.C 30388 | -5/Warlord | Found Prototype Energy Gun 30388 | -5/Warlord | Identified Vortex Shotgun 30392 | -5/Warlord | Found Vortex Shotgun 30404 | -5/Warlord | Found Prototype Energy Cannon 30404 | -5/Warlord | Identified Vortex Driver 30409 | -5/Warlord | Found Vortex Driver 30487 | -5/Warlord | Warlord forces counterattacked 30642 | -5/Warlord | Spotted Striker 30666 | -5/Warlord | Spotted Executioner 30668 | -5/Warlord | P-70 Sage assimilated allied EP-HXM(g) 30709 | -5/Warlord | Found Prototype Processor 30715 | -5/Warlord | Destroyed 13 combat bots 30719 | -5/Warlord | Lost 22 allies 30720 | -5/Warlord | Found Prototype Processor 30746 | -5/Warlord | Discovered new exit (range 12) 30764 | -5/Warlord | Entered Proximity Caves 31209 | -4/Proximity Caves | Build established: Scavenger-Tank 31495 | -4/Proximity Caves | Spotted B-86 Titan 31507 | -4/Proximity Caves | Core integrity fell below 50% 31539 | -4/Proximity Caves | Destroyed B-86 Titan 31565 | -4/Proximity Caves | Lost 4 parts (1n3u) 31812 | -4/Proximity Caves | Build established: Tank 31993 | -4/Proximity Caves | Discovered exit to Factory (range 2) 32002 | -4/Proximity Caves | Entered Factory 32002 | -4/Factory | Evolved 2 slots: Power x1, Weapon x1 32003 | -4/Factory | Identified Vortex Chain Reactor 32004 | -4/Factory | Loaded intel: 28 terminal locations 32005 | -4/Factory | Loaded intel: 3 garrison access locations 32007 | -4/Factory | Discovered new exit (range 7) 32210 | -4/Factory | Discovered new exit (range 4) 32301 | -4/Factory | Build established: Scavenger-Tank 32719 | -4/Factory | Incoming investigation squad redirected 32796 | -4/Factory | Lost 3 parts (1n2w) 32805 | -4/Factory | Identified Exp. Core Analyzer (x2) 32820 | -4/Factory | Fabricated Hvy. Siege Treads (x1) 33370 | -4/Factory | Spotted B-86 Titan 33829 | -4/Factory | Discovered new exit (range 8) 33953 | -4/Factory | Identified exit to Upper Caves 33953 | -4/Factory | Identified exit to Extension 34003 | -4/Factory | System corruption reached 10% 34502 | -4/Factory | First assault squad dispatched 34517 | -4/Factory | Build established: Scavenger-Scout 34528 | -4/Factory | Entered Upper Caves 34642 | -4/Upper Caves | Learned Research garrison access intel 34653 | -4/Upper Caves | Found Alien Artifact 34653 | -4/Upper Caves | Identified Core Expander 34653 | -4/Upper Caves | Installed Core Expander, added new Power slot 34670 | -4/Upper Caves | Learned Research security intel 34824 | -4/Upper Caves | Discovered new exit (range 8) 34826 | -4/Upper Caves | Identified exit to Upper Caves 34828 | -4/Upper Caves | Entered another Upper Caves area 35386 | -4/Upper Caves | Discovered new exit (range 7) 35390 | -4/Upper Caves | Identified exit to Zhirov 35390 | -4/Upper Caves | Entered Zhirov 35391 | -4/Zhirov | Discovered new exit (range 3) 35399 | -4/Zhirov | Met Zhirov 35407 | -4/Zhirov | Learned location of Quarantine (-2) 35407 | -4/Zhirov | Learned location of Testing (-3) 35407 | -4/Zhirov | Learned location of Command (-1) 35411 | -4/Zhirov | Zhirov requested help retrieving the SGEMP Prototype 35418 | -4/Zhirov | Found Alien Artifact 35418 | -4/Zhirov | Identified Integrated Reactor 35418 | -4/Zhirov | Installed Integrated Reactor, increased core energy generation (+10) 35439 | -4/Zhirov | Attached CPS modules to P-70 Sage 35552 | -4/Zhirov | Identified exit to Proximity Caves 35627 | -4/Zhirov | Found Alien Artifact 35661 | -4/Zhirov | Entered Proximity Caves 36189 | -3/Proximity Caves | Identified Transdimensional Reconstructor 36189 | -3/Proximity Caves | Warped through subspace 36190 | -3/Proximity Caves | Core integrity fell below 50% 36421 | -3/Proximity Caves | Spotted B-86 Titan 36466 | -3/Proximity Caves | Attracted the attention of an 0b10 checkpoint 36620 | -3/Proximity Caves | Discovered new exit (range 8) 36623 | -3/Proximity Caves | Identified exit to Research 36624 | -3/Proximity Caves | Entered Research 36624 | -3/Research | Evolved 2 slots: Propulsion x1, Utility x1 36626 | -3/Research | Loaded intel: 45 interactive machine locations 36627 | -3/Research | Loaded intel: 4 garrison access locations 36693 | -3/Research | Discovered new exit (range 8) 36695 | -3/Research | Identified exit to Testing 36765 | -3/Research | Identified exit to Armory 36872 | -3/Research | Repaired Imp. Linear Gravjet 36895 | -3/Research | Repaired Adv. Remote Force Field 37403 | -3/Research | Lost 3 parts (2n1w) 37646 | -3/Research | Build established: Hacker-Mutant 37952 | -3/Research | Fabricated Cmb. Antigrav System? 38003 | -3/Research | Found Prototype Launcher 38003 | -3/Research | Identified Tesla Bomb Launcher 38112 | -3/Research | Loaded intel: 5 recycling unit locations 38164 | -3/Research | Scrapoid reinforcements arrived 38165 | -3/Research | Incoming investigation squad redirected 38263 | -3/Research | Lost 3 allies 38275 | -3/Research | Attached CPS modules to 03R16-D 38303 | -3/Research | Found Scrap Suit 38371 | -3/Research | Entered Testing 38395 | -3/Testing | Lost 4 parts (1p2u1w) 38684 | -3/Testing | Found Prototype Launcher 38684 | -3/Testing | Identified Hellfire Missile Launcher 38747 | -3/Testing | Found Prototype Energy Cannon 38747 | -3/Testing | Identified Cld. Nova Cannon 39061 | -3/Testing | Spotted Striker 39124 | -3/Testing | Found Prototype Energy Cannon 39124 | -3/Testing | Identified Potential Cannon 39162 | -3/Testing | Found Prototype Device 39162 | -3/Testing | Identified Exp. EM Disruption Field 39211 | -3/Testing | Rewired PY-SBQTGDLEOG 39284 | -3/Testing | System corruption reached 10% 39386 | -3/Testing | Repaired Exp. Utility Shielding 39439 | -3/Testing | Garrison activated, responded to threat 39533 | -3/Testing | Discovered new exit (range 4) 39534 | -3/Testing | Identified exit to Research 39570 | -3/Testing | Build established: Scavenger-Gunner 39619 | -3/Testing | Central database locked down 39655 | -3/Testing | Scanned by Researcher 39717 | -3/Testing | Found Prototype Protection 39717 | -3/Testing | Identified SHELL Armor 39746 | -3/Testing | Found Hellfire Missile Launcher 39784 | -3/Testing | Core integrity fell below 50% 39795 | -3/Testing | Entered Research 39795 | -2/Research | Evolved 2 slots: Propulsion x1, Utility x1 39796 | -2/Research | Identified exit to Quarantine 39895 | -2/Research | Spotted B-90 Cyclops 40028 | -2/Research | Targeted by mysterious "MATRIX" hacker 40036 | -2/Research | Discovered new exit (range 17) 40195 | -2/Research | Lost 3 parts (2u1w) 40342 | -2/Research | Identified exit to Access 40392 | -2/Research | System corruption reached 10% 40408 | -2/Research | Lost 3 parts (2p1n) 40437 | -2/Research | Found Prototype Processor 40437 | -2/Research | Identified Exp. Target Analyzer 40712 | -2/Research | Build established: Scavenger-Mutant 40784 | -2/Research | Entered Quarantine 41051 | -2/Quarantine | Build established: Hacker-Mutant 41098 | -2/Quarantine | Found Prototype Device 41098 | -2/Quarantine | Identified Exp. Thermal Shield 41137 | -2/Quarantine | Found Alien Energy Cannon 41352 | -2/Quarantine | Discovered exit to Access (range 16) 41466 | -2/Quarantine | Found Alien Artifact 41470 | -2/Quarantine | Found Alien Artifact 41472 | -2/Quarantine | Found Alien Artifact 41478 | -2/Quarantine | Found Dimensional Node Initializer 41479 | -2/Quarantine | Identified Hpw. Transdimensional Reconstructor (x3) 41479 | -2/Quarantine | Warped through subspace 41555 | -2/Quarantine | Found Transdimensional Reconstructor 41557 | -2/Quarantine | Build established: Scavenger-Mutant 41679 | -2/Quarantine | Found Alien Artifact 41679 | -2/Quarantine | Identified Core Reset Matrix 41679 | -2/Quarantine | Identified Core Cannon 41679 | -2/Quarantine | Used Core Reset Matrix 41683 | -2/Quarantine | Detected hypermatrix surge 41683 | -2/Quarantine | Sensed 6 artifacts in vicinity 41834 | -2/Quarantine | Spotted Fortress 41864 | -2/Quarantine | Discovered new exit (range 6) 41864 | -2/Quarantine | Discovered new exit (range 7) 41866 | -2/Quarantine | Identified exit to Section 7 41868 | -2/Quarantine | Identified exit to Protoforge 41868 | -2/Quarantine | Entered Protoforge 41869 | -2/Protoforge | Sensed 2 artifacts in vicinity 42070 | -2/Protoforge | Repaired Imp. Gyrokinetic Inverter 42167 | -2/Protoforge | Build established: Scavenger-Ninja 42321 | -2/Protoforge | Superfortress began startup sequence 42411 | -2/Protoforge | Found Prototype Device 42411 | -2/Protoforge | Identified Cep. Weapon Articulator 42415 | -2/Protoforge | Lost 8 parts (2p3n1u2w) 42419 | -2/Protoforge | Core integrity fell below 50% 42452 | -2/Protoforge | Spotted V861-u 42452 | -2/Protoforge | Spotted V775-c 42469 | -2/Protoforge | Spotted V528-q 42496 | -2/Protoforge | Attached CPS modules to V775-c 42503 | -2/Protoforge | Core integrity fell below 20% 42508 | -2/Protoforge | Destroyed by V775-c with Concept Rapid Grenade Launcher Last Messages --------------- 42496_ CPS Tube expended. 42496_ CPS modules attach to V775-c. 42498_ Cld. Nova Cannon destroyed. 42499_ Slug penetrates Reinforced Barrier. 42500_ Adv. Heat Sink destroyed. 42502_ Penetrated by Slug. 42502_ Slug penetrates Reinforced Barrier. 42502_ Penetrated by Slug. 42502_ Slug penetrates Reinforced Barrier. 42504_ Gravjet Array destroyed. 42505_ Hellfire Missile Launcher destroyed. 42505_ Adv. Sensor Array destroyed. 42505_ Penetrated by Slug. 42505_ Slug penetrates Reinforced Barrier. 42507_ Graphene Brace destroyed. 42508_ Slammed into V775-c. 42508_ Destabilizing: System interference. 42508_ Adv. Signal Interpreter temporarily disabled. 42508_ Exp. Core Analyzer temporarily disabled. Map ----- +----------------------------------------------------+ | ?????????????????????????????????????????????????? | | ?????????????????????????????????????????????????? | | ?????????????????????????????????????????????????? | | ?????????????????????????????????????????????????? | | ?????????????????????????????????????????????????? | | ?????????????????????????????????????????????????? | | ?????????????????????????????????????????????????? | | ?????????????????????????????????????????????????? | | ?????????????????????????????????????????????????? | | ?????????????????????????????????????????????????? | | ?????????????????????????????????????????????????? | | ?????????????????????????????????????????????????? | | ?????????????????????????????????????????????????? | | ?????????????????????????????????????????????????? | | ?????????????????????????????????????????????????? | | ?????????????????????????????????????????????????? | | ?????????????????????????????????????????????????? | | ?????????????????????????????????????????????????? | | ?????????????????????????????????????????????????? | | ?????????????????????????????????????????????????? | | ?????????????###############?????????????????????? | | ?????????????#"" " " #?????????????????????? | | ?????????????#" #?????????????????????? | | ?????????????#" #?????????????????????? | | ?????????????##### ##?????????????????????? | | ???????????????# V@ #?????????????????????? | | ???????????????# #?????????????????????? | | ################ ""#?????????????????????? | | """"#?????????????????????? | | V """"#?????????????????????? | | ######++######## ""#?????????????????????? | | ????? ?????# "#?????????????????????? | | ????? ??? " ##?????????????????????? | | ????" " " " ""??????????????????????? | | ????"""""""# " "???????????????????????? | | ???######### ####""""""#???????????????????????? | | ????????????####?????????????????????????????????? | | ?????????????????????????????????????????????????? | | ?????????????????????????????????????????????????? | | ?????????????????????????????????????????????????? | | ?????????????????????????????????????????????????? | | ?????????????????????????????????????????????????? | | ?????????????????????????????????????????????????? | | ?????????????????????????????????????????????????? | | ?????????????????????????????????????????????????? | | ?????????????????????????????????????????????????? | | ?????????????????????????????????????????????????? | | ?????????????????????????????????????????????????? | | ?????????????????????????????????????????????????? | | ?????????????????????????????????????????????????? | +----------------------------------------------------+ Best States ------------- Heat Dissipation 102 Energy Generation 68 Energy Capacity 990 Matter Stores 315 Matter Capacity 500 Sight Range 23 Robot Scan Range 16 Terrain Scan Range 20 Terrain Scan Density 10 Jamming Range 16 Cloak Strength 4 Power Amplification 40 Corruption Block 20 Armor Coverage 1200 Resistance: KI 30 Resistance: TH 50 Utility Shielding 90 Evasion (%) 64 Targeting Accuracy 30 Melee Accuracy 8 Target Analysis 6 Core Analysis 12 Recoil Reduction 4 Matter Filtering 50 Kinecelleration 40 Offensive Hacking 25 Defensive Hacking 25 Item Schematics ----------------- Helical Railgun | -2/Protoforge | Archive Exp. System Shield | -2/Protoforge | Archive Point Singularity Launcher | -2/Protoforge | Archive Robot Schematics ------------------ None Fabricated ------------ M-22 Extractor | x1 | -6/Factory | Preloaded Hvy. Siege Treads | x1 | -5/Factory Hvy. Siege Treads | x1 | -5/Factory Hvy. Siege Treads | x1 | -4/Factory Cmb. Antigrav System | x2 | -3/Research Repaired ---------- Flak Gun | 37% | -6/Factory Adv. Treads | 40% | -6/Factory Flak Gun | 37% | -6/Factory Adv. Treads | 37% | -6/Factory Adv. Treads | 35% | -6/Factory Force Field | 46% | -6/Factory Lyr. Medium Armor Plating | 18% | -5/Factory Imp. Linear Gravjet | 18% | -3/Research Adv. Remote Force Field | 50% | -3/Research Exp. Utility Shielding | 12% | -3/Testing Imp. Gyrokinetic Inverter | 15% | -2/Protoforge Studied --------- Imp. Antigrav System | -2/Quarantine | Hacked Alien Tech Used ----------------- Dimensional Node Initializer Core Expander Integrated Reactor Transdimensional Reconstructor High-powered Transdimensional Reconstructor Core Reset Matrix Core Cannon Achievements -------------- Analysis Probe My Bad Tailor-made Tank Life Challenges ------------ None Game ------ Seed BlastSigixVibroblade Manual? 0 Play Time 09:34:31 Cumulative 753.0 hours Start 2026.07.19 @ 17:49:05 End 2026.07.21 @ 23:04:15 Sessions 19 Manual Loads 0 Difficulty Rogue Special Mode None Game No. 258 Rogue 254 Adventurer 4 Explorer 0 Win Type - Total 21 Types 9/2/6/0/0/0/2/2/0/0 Lore% 84 Gallery% 75 Achievement% 58 Wizard Run 0 Options --------- Layout 1 ASCII 0 Keyboard 0 Movement Arrows Keybinds 0 Fullscreen 1 Font 40/SmallcapsGlow Map View 50x40 Zoom Use 0% Tactical HUD 1 Map Filters NONE Filters NONE Steam 1 RUN: 79a0329c-7900-48c9-9b9a-8c2d5b1dd6b0